 Dungeon Crawl Stone Soup version 0.23-a0-143-g1adec7b (webtiles) character file.

28 galech the Skirmisher (level 3, 22/29 HPs)
             Began as a Demonspawn Monk on Sept 4, 2018.
             Quit the game on level 1 of the Dungeon.
             The game lasted 00:01:05 (679 turns).

galech the Skirmisher (Demonspawn Monk)              Turns: 679, Time: 00:01:06

Health: 22/29      AC:  2    Str: 11    XL:     3   Next: 0%
Magic:  3/3        EV: 13    Int: 11    God:
Gold:   41         SH:  0    Dex: 16    Spells: 2/2 levels left

rFire    . . .     SeeInvis .   a - +0 hand axe
rCold    . . .     Gourm    .   (no shield)
rNeg     . . .     Faith    .   b - +0 robe
rPois    .         Spirit   .   (no helmet)
rElec    .         Reflect  .   (no cloak)
rCorr    .         Harm     .   (no gloves)
MR       .....                  (no boots)
Stlth    ++........             (no amulet)
HPRegen  0.09/turn              (no ring)
MPRegen  0.08/turn              (no ring)

@: no status effects
A: talons 1, demonic guardian 1
a: no special abilities


You were on level 1 of the Dungeon.
You were not hungry.

You visited 1 branch of the dungeon, and saw 1 of its levels.

You collected 41 gold pieces.

Inventory:

Hand Weapons
 a - a +0 hand axe (weapon)
Armour
 b - a +0 robe (worn)
Jewellery
 f - a +3 ring of intelligence {unknown}
 j - a cursed amulet of inaccuracy {unknown}
Scrolls
 g - a scroll of teleportation {unknown}
 h - a scroll of fog {unknown}
 i - 2 scrolls of remove curse {unknown}
Potions
 e - a potion of curing {unknown}
 k - a potion of might {unknown}
 l - a potion of haste {unknown}
Comestibles
 c - 2 rations
 d - 7 chunks of flesh


   Skills:
 + Level 3.2 Fighting
 + Level 3.1 Axes
 + Level 3.1 Dodging
 + Level 1.9 Stealth


You had 2 spell levels left.
You didn't know any spells.
Your spell library was empty.

Dungeon Overview and Level Annotations

Branches:
Dungeon (1/15)

Altars:


Innate Abilities, Weirdness & Mutations

You have sharp toenails.
A weak demonic guardian rushes to your aid.


Message History

You see here a bat corpse.
You butcher the bat corpse.
d - 8 chunks of flesh (gained 1)
A kobold comes into view.
Some of the chunks of flesh in your inventory have rotted away.
You hit the kobold but do no damage. The kobold hits you.
You hit the kobold.
The kobold is moderately wounded.
The kobold hits you. The kobold completely misses you.
You hit the kobold but do no damage.
The kobold is moderately wounded.
The kobold misses you.
You hit the kobold.
You kill the kobold!
You have reached level 3!
Your experience leads to an increase in your attributes!
Increase (S)trength, (I)ntelligence, or (D)exterity?
You feel agile.
Your demonic ancestry asserts itself...
Your toenails lengthen and sharpen.
Are you sure you want to abandon this character and quit the game? (Confirm

#.# #.# #.# #.. ##รท#
### ...# .#.# .### .#
.###################.#
................@....#
######################


There were no monsters in sight!

Vanquished Creatures
  A leopard gecko (D:1)
  A ball python (D:1)
  A giant cockroach (D:1)
  3 goblins (D:1)
  5 hobgoblins (D:1)
  3 kobolds (D:1)
  4 bats (D:1)
  A frilled lizard (D:1)
  6 rats (D:1)
25 creatures vanquished.

Notes
Turn   | Place    | Note
-------+----------+-------------------------------------------
     0 | D:1      | galech the Demonspawn Monk began the quest for the Orb.
     0 | D:1      | Reached XP level 1. HP: 18/18 MP: 1/1
   259 | D:1      | Gained mutation: A weak demonic guardian rushes to your
                  | aid. [demonic ancestry]
   259 | D:1      | Reached XP level 2. HP: 15/24 MP: 2/2
   678 | D:1      | Gained mutation: You have sharp toenails. [demonic
                  | ancestry]
   678 | D:1      | Reached XP level 3. HP: 22/29 MP: 3/3
   679 | D:1      | Quit the game

Vault maps used:
D:1:      tarquinn_simple_flora_water_d, st_stairs_6,
          minmay_misc_feat_nine_boxes

Skill      XL: |  1  2 |
---------------+-------+-----
Dodging        | 3 |  3.1
Axes           | 3 |  3.1
Fighting       | |  3.2
Stealth        | |  1.9

Action                   || total
-------------------------++-------
Melee: Hand axe          ||    70
 Stab: Sleeping          ||     2
Armor: Robe              ||    13
Dodge: Dodged            ||    42

Table legend:
 A = Non-vault XP
 B = Vault XP
 C = Vault XP percentage of total XP
 D = Non-vault monster count
 E = Vault monster count
 F = Vault count percentage of total count
                 A         B        C        D         E       F
            +---------+---------+-------+---------+---------+-------
      Total |      39 |       2 |   4.9 |      24 |       1 |   4.0
            +---------+---------+-------+---------+---------+-------
        D:1 |      39 |       2 |   4.9 |      24 |       1 |   4.0
            +---------+---------+-------+---------+---------+-------
